Map: Bastión celestial

Players

MrFercho - Winner!

  • Race: Terran Terran
  • Spawn Location: 1:00

tigro

  • Race: Terran Terran
  • Spawn Location: 7:00

VOD

Have the link to the VOD?

Description

Time

  • Played on: Nov. 26, 2018, 10:10 p.m.
  • Length: 25:30
Show
View Real Time Build Order
Export as new Build Order

MrFercho Terran - Winner!

Build Orders:  

Get SALT Encoding   

  12  0:07  SCV  
  13  0:19  SCV  
  14  0:24  Supply Depot  
  14  0:31  SCV  
  15  0:40  Refinery  
  15  0:54  SCV  
  16  0:57  Refinery  
  16  1:06  SCV  
  17  1:18  SCV  
  18  1:30  SCV  
  19  1:32  Supply Depot  
  19  1:43  SCV  
  20  1:55  Supply Depot, SCV  
  21  2:07  SCV  
  22  2:18  Supply Depot  
  22  2:19  SCV  
  23  2:31  SCV  
  24  2:43  SCV  
  25  2:53  Command Center  
  25  2:55  SCV, Refinery  
  26  2:59  Refinery  
  26  3:07  SCV  
  27  3:15  Barracks  
  27  3:17  Barracks  
  27  3:22  Barracks  
  27  3:31  Engineering Bay  
  27  3:37  Engineering Bay  
  27  3:39  SCV  
  28  3:51  SCV  
  29  4:03  SCV  
  30  4:10  Orbital Command  
  30  4:15  Barracks Tech Lab x3  
  30  4:18  Orbital Command  
  30  4:42  SCV  
  31  4:47  SCV  
  32  4:54  SCV  
  32  4:59  SCV  
  34  5:00  Reaper x3  
  34  5:06  SCV  
  38  5:11  SCV  
  39  5:18  SCV  
  40  5:23  SCV  
  41  5:30  SCV  
  41  5:32  Marauder x2  
  46  5:35  SCV  
  46  5:42  Factory  
  47  5:45  Factory  
  47  5:48  Factory  
  47  5:53  Command Center  
  47  6:21  SCV  
  48  6:33  SCV  
  48  6:34  Refinery  
  48  6:36  Refinery  
  49  6:44  Refinery  
  49  6:46  SCV  
  50  6:47  Command Center  
  50  6:48  Refinery  
  50  6:50  SCV  
  51  6:58  SCV  
  51  7:00  Factory Tech Lab x3  
  52  7:02  SCV  
  53  7:10  SCV  
  53  7:13  Supply Depot  
  53  7:14  SCV  
  55  7:22  SCV  
  56  7:26  SCV  
  57  7:34  SCV  
  57  7:36  Supply Depot  
  58  7:38  SCV  
  59  7:59  Supply Depot  
  56  8:22  Supply Depot  
  56  8:41  SCV x3  
  56  8:42  SCV  
  60  8:53  SCV x2  
  60  8:54  SCV x2  
  64  9:03  Starport  
  64  9:05  SCV x2  
  64  9:06  SCV x2  
  64  9:08  Starport  
  68  9:18  SCV x3  
  68  9:22  Siege Tank x2  
  68  9:23  Siege Tank  
  80  9:42  Starport  
  80  9:46  Starport  
  80  9:54  Cyclone x2  
  80  9:55  Cyclone  
  89  10:23  Command Center  
  89  10:25  Starport Tech Lab x2  
  89  10:26  Starport Tech Lab x2  
  89  10:28  Refinery  
  89  10:29  Refinery  
  89  10:30  Armory  
  89  10:36  Armory  
  89  10:41  Mag-Field Accelerator  
  89  10:59  Combat Shield, Concussive Shells  
  89  11:01  Infernal Pre-Igniter  
  89  11:12  Rapid Reignition System, Corvid Reactor  
  89  11:13  Cloaking Field  
  89  11:15  Hyperflight Rotors  
  89  11:18  Armory  
  89  11:19  Terran Infantry Weapons Level 1  
  89  11:20  Terran Infantry Armor Level 1  
  89  11:21  Stimpack  
  89  12:19  Sensor Tower  
  89  12:30  Terran Vehicle Weapons Level 1  
  89  12:31  Terran Vehicle And Ship Armor Level 1  
  89  12:32  Terran Ship Weapons Level 1  
  89  12:37  Drilling Claws  
  89  12:38  Smart Servos  
  89  12:46  Sensor Tower  
  89  12:53  Command Center  
  89  12:58  Fusion Core  
  89  13:13  Hi-Sec Auto Tracking  
  89  13:14  Sensor Tower, Neosteel Armor  
  89  13:45  Sensor Tower  
  89  13:47  Orbital Command  
  89  13:52  Orbital Command  
  89  14:07  Refinery  
  89  14:10  Terran Infantry Weapons Level 2  
  89  14:13  Sensor Tower  
  89  14:16  SCV x4  
  94  14:17  SCV x2  
  95  14:28  SCV x3  
  98  14:32  Refinery  
  98  14:48  Weapon Refit  
  98  14:50  Sensor Tower  
  98  14:54  Terran Infantry Armor Level 2  
  92  15:08  Banshee x4  
  101  15:15  Sensor Tower  
  101  15:17  Thor  
  101  15:18  Thor x2  
  119  15:30  Marauder x3  
  125  15:41  Terran Ship Weapons Level 2  
  125  15:42  Terran Vehicle And Ship Armor Level 2, Terran Vehicle Weapons Level 2  
  125  15:51  Marauder x3  
  131  16:01  Cyclone x3  
  140  16:12  Marauder  
  140  16:13  Marauder x2  
  140  16:18  Missile Turret  
  146  16:19  Missile Turret  
  146  16:20  Missile Turret  
  146  16:21  Missile Turret  
  146  16:22  Missile Turret  
  146  16:23  Missile Turret  
  146  16:24  Missile Turret  
  146  16:33  Siege Tank x2  
  146  16:34  Marauder  
  154  16:44  Missile Turret x2  
  154  16:47  Missile Turret  
  154  16:49  Missile Turret x3  
  154  16:50  Marauder x2, Siege Tank, Missile Turret  
  161  16:55  Marauder  
  163  17:05  Missile Turret, Siege Tank  
  166  17:09  SCV  
  166  17:12  Marauder x2  
  166  17:13  Missile Turret  
  171  17:17  Missile Turret  
  171  17:18  Missile Turret  
  171  17:20  Missile Turret  
  171  17:21  SCV, Missile Turret  
  172  17:23  Missile Turret  
  172  17:33  SCV  
  173  17:37  Missile Turret  
  173  17:40  Missile Turret  
  173  17:41  Missile Turret  
  173  17:45  Missile Turret  
  173  17:46  Missile Turret  
  173  17:50  Battlecruiser x4  
  197  17:54  Missile Turret  
  197  17:55  Command Center  
  197  17:56  Refinery  
  197  18:00  Refinery  
  163  18:32  Marauder  
  163  18:33  Marauder x2  
  169  18:54  Marauder x3  
  151  19:15  Marauder x2  
  151  19:16  Marauder  
  148  19:37  Marauder x3  
  154  20:37  Viking  
  154  20:38  Viking x2  
  160  20:45  Hellion x3  
  166  21:06  Hellion x3  
  170  21:27  Hellion x2  
  170  21:28  Hellion  
  170  21:49  Hellion x3  
  176  22:10  Hellion x3  
Show
View Real Time Build Order
Export as new Build Order

tigro Terran 

Build Orders:  

Get SALT Encoding   

  12  0:04  SCV  
  13  0:16  SCV  
  14  0:23  Supply Depot  
  14  0:30  SCV  
  15  0:44  SCV  
  16  0:55  Barracks  
  16  1:12  Refinery  
  16  1:21  Refinery  
  16  1:29  SCV  
  17  1:41  SCV  
  17  1:44  Engineering Bay  
  18  1:57  Barracks Tech Lab  
  18  2:07  SCV  
  19  2:18  Marine  
  19  2:19  SCV  
  21  2:36  Marine  
  22  2:42  Command Center  
  22  2:53  Marine  
  23  3:03  Supply Depot  
  23  3:24  Marine  
  24  3:33  Terran Infantry Weapons Level 1  
  24  3:42  Marine  
  25  3:54  SCV  
  26  3:59  Missile Turret  
  26  4:00  Marine  
  27  4:05  Refinery  
  27  4:06  Planetary Fortress  
  27  4:18  Marauder  
  29  4:36  Combat Shield  
  29  4:41  Factory  
  29  4:50  SCV  
  30  5:02  SCV  
  31  5:27  Terran Infantry Armor Level 1  
  31  5:28  Factory Tech Lab  
  31  5:47  Marauder  
  31  5:49  Missile Turret  
  33  5:55  Orbital Command  
  33  6:13  Refinery  
  33  6:29  Missile Turret  
  33  6:34  SCV  
  34  6:46  SCV  
  35  7:16  Siege Tank  
  35  7:17  Armory  
  35  7:21  Neosteel Armor  
  38  7:48  Siege Tank  
  41  8:17  Supply Depot  
  41  8:20  Terran Vehicle Weapons Level 1  
  41  8:39  SCV, Siege Tank  
  41  8:40  Supply Depot  
  45  8:51  SCV  
  46  9:01  Hi-Sec Auto Tracking  
  46  9:03  SCV  
  46  9:06  Missile Turret  
  47  9:11  Siege Tank  
  47  9:13  Marine  
  47  9:15  SCV  
  52  9:27  SCV  
  52  9:31  Marine  
  54  9:55  Bunker  
  54  10:14  Supply Depot, Terran Vehicle And Ship Armor Level 1  
  54  10:16  Terran Infantry Weapons Level 2  
  54  10:20  Infernal Pre-Igniter  
  54  10:35  Marine, Siege Tank  
  58  10:52  Bunker  
  58  10:53  Marine  
  59  11:01  Starport  
  59  11:11  Marine  
  60  11:18  Mag-Field Accelerator  
  60  11:44  Missile Turret  
  60  11:47  Supply Depot  
  60  11:50  Starport Tech Lab  
  60  12:08  Terran Ship Weapons Level 1, Thor  
  66  12:15  Missile Turret  
  66  12:31  Terran Infantry Armor Level 2  
  66  12:34  Weapon Refit  
  66  12:37  Missile Turret  
  66  12:39  Fusion Core  
  66  12:40  SCV  
  67  12:45  Marine  
  68  12:51  Widow Mine  
  68  12:57  Drilling Claws  
  70  13:37  Supply Depot  
  70  13:46  Missile Turret  
  70  13:59  Battlecruiser, Widow Mine  
  78  14:08  Missile Turret  
  78  14:12  Supply Depot  
  78  14:16  Smart Servos  
  78  14:33  Marine  
  78  14:34  Widow Mine, SCV  
  82  14:42  Missile Turret  
  82  14:48  Terran Infantry Weapons Level 3  
  82  14:51  Marine  
  82  14:52  Supply Depot  
  83  14:55  Siege Tank  
  80  15:03  Battlecruiser  
  86  15:13  Marine  
  87  15:31  Marine  
  88  16:01  Refinery  
  88  16:07  Battlecruiser  
  94  16:12  Refinery  
  94  16:20  Refinery  
  94  16:32  Refinery  
  94  17:24  Supply Depot, Command Center  
  94  17:45  Battlecruiser  
  94  17:47  Missile Turret  
  100  18:12  Rapid Reignition System  
  88  18:44  Missile Turret  
  88  18:50  Battlecruiser  
  85  19:09  Corvid Reactor  
  71  19:42  Marauder  
  67  20:03  Marauder  
  57  20:25  Marauder  
  57  20:26  Thor  
  57  20:28  Cloaking Field  
  65  20:33  Missile Turret  
  65  20:46  Marauder  
  64  21:07  Marauder  
  64  21:09  Thor  
  65  21:40  Battlecruiser  
  59  21:47  Hyperflight Rotors  
  59  21:52  Thor  
  52  22:17  Marauder  
  44  22:35  Thor  
  48  22:38  Marauder  
  50  22:44  Battlecruiser  
  48  22:54  Thor  
Tags
 
Matchup
TvT
Race
Terran
Replay Pack
MrFercho
Spawn Locations
Cross Positions
Add a new tag
Caveats
  • Supply blocks, unpowered buildings, or Contaminate may cause inaccurate times.
  • Supply counts are checked every 10 seconds.